 Dungeon Crawl Stone Soup version 0.21-a0-265-gb353147 (webtiles) character file.

744 4thArraOfDagon the Insei (level 7, 0/52 HPs)
             Began as a Barachi Arcane Marksman on Sept 11, 2017.
             Was a Priest of Cheibriados.
             Succumbed to a worker ant's poison
             ... on level 5 of the Dungeon.
             The game lasted 00:15:22 (2685 turns).

4thArraOfDagon the Insei (Barachi Arcane Marksman)  Turns: 2685, Time: 00:15:23

Health: 0/52       AC:  8    Str: 20    XL:     7   Next: 76%
Magic:  8/8        EV: 10    Int: 23    God:    Cheibriados [***...]
Gold:   225        SH:  0    Dex: 22    Spells: 7/8 levels left

rFire    + . .     SeeInvis .     - Unarmed
rCold    . . .     Gourm    .   (no shield)
rNeg     . . .     Faith    .   q - +0 chain mail
rPois    .         Spirit   .   (helmet restricted)
rElec    .         Reflect  .   (no cloak)
rCorr    .         Harm     .   (no gloves)
MR       .....                  (no boots)
Stlth    ..........             (no amulet)
HPRegen  0.17/turn              t - ring of protection from fire
MPRegen  0.11/turn              (no ring)

@: lethally poisoned (0 -> -7), can't hop, very slightly contaminated, very slow
A: +LOS, swims, antennae 1, agile 1, mutation resistance 1, slowness 1, strong
legs 1
a: Hop, Bend Time, Temporal Distortion, Renounce Religion


You were on level 5 of the Dungeon.
You worshipped Cheibriados.
Cheibriados was most pleased with you.
You were not hungry.

You visited 1 branch of the dungeon, and saw 5 of its levels.

You collected 225 gold pieces.

Inventory:

Hand Weapons
 a - a +0 hand crossbow
 j - a +0 spear of piercing
Missiles
 d - 32 bolts
Armour
 b - a +0 plate armour
 e - a +0 robe
 l - a +1 helmet of see invisible
 o - a +1 animal skin
 p - a +2 helmet
 q - a +0 chain mail (worn)
Jewellery
 t - a ring of protection from fire (left hand)
Wands
 h - a wand of lightning (1/15)
Scrolls
 i - a scroll of fear
 n - 3 scrolls of remove curse
Potions
 g - 3 potions of haste
Books
 c - a book of Debilitation

   Spells                             Type                      Level
   a - Corona                         Hexes                        1
   b - Slow                           Hexes                        2
   c - Inner Flame                    Hexes/Fire                   3
   d - Portal Projectile              Hexes/Translocation          3
   e - Cause Fear                     Hexes                        4
   f - Leda's Liquefaction            Hexes/Earth                  4
Comestibles
 f - a bread ration
 k - 2 meat rations


   Skills:
 - Level 3.0 Fighting
 - Level 3.0 Crossbows
 + Level 4.9 Dodging
 * Level 6.0 Unarmed Combat
 - Level 1.1 Spellcasting
 - Level 3.2 Hexes
 + Level 2.3 Invocations


You had 7 spell levels left.
You knew the following spells:

 Your Spells              Type           Power        Failure   Level  Hunger
a - Corona                Hex            ###....      43%         1    ##.....


Dungeon Overview and Level Annotations

Branches:
Dungeon (5/15)
 Temple: D:4-7

Altars:
Ashenzari
Cheibriados
Qazlal

Annotations:
D:3 4thArraOfDagon's ghost, amateur BaAM


Innate Abilities, Weirdness & Mutations

Shadows flee at your approach. (+LOS)
You can swim through water.
You cover ground slowly.
You can hop short distances.
You have a pair of small antennae on your head.
You are agile. (Dex +2)
You are somewhat resistant to further mutation.


Message History

Unknown command.
Unknown command.
* * * LOW HITPOINT WARNING * * *
You feel sick.
Unknown command.
Unknown command.
Blink to where?
Press: ? - help, Dir - move target cursor You are very lightly contaminated with residual magic.
As you read the scroll of blinking, it crumbles to dust.
* * * LOW HITPOINT WARNING * * *
You feel sick.
Unknown command.
Unknown command.
* * * LOW HITPOINT WARNING * * *
You feel sick.
There is a stone staircase leading up here.
Unknown command.
Unknown command.
You die...

......................#......$...
................[.....#..........
.................................
#########........................
#...............##.##...#
#...#.#...#..............
#...#.###.#......(..#....
#...#<##....#######......
#.....#.@....## #......
####.##.####..## #.#.##. #....#
##..# #.#.### #.[### ##.####.#.#
#.. #..Z.#.#.## #.. ####.#.#..##
#.# #)#.#...o ## #a#.#...#
#.h....##


There were no monsters in sight!

Vanquished Creatures
  A sky beast (D:5)
  A centaur (D:5)
  A scorpion (D:4)
  A howler monkey (D:4)
  2 crimson imps (D:5)
  4 hounds
  2 orc wizards
  A worker ant (D:4)
  Robin (D:2)
  8 adders
  2 shadow imps (D:5)
  An ooze (D:1)
  An adder skeleton (D:4)
  4 worms
  2 dart slugs
  A leopard gecko (D:5)
  16 orcs
  7 bats
  7 giant cockroaches
  12 goblins
  9 hobgoblins
  6 jackals
  2 kobolds
  A quokka (D:5)
  2 ball pythons
  3 frilled lizards
  3 rats
101 creatures vanquished.

Notes
Turn   | Place    | Note
-------+----------+-------------------------------------------
     0 | D:1      | 4thArraOfDagon the Barachi Arcane Marksman began the quest for the Orb.
     0 | D:1      | Reached XP level 1. HP: 15/15 MP: 2/2
    99 | D:3      | Noticed an orc wizard
   103 | D:2      | Reached XP level 2. HP: 18/21 MP: 3/3
   122 | D:2      | Noticed Robin
   225 | D:2      | Found a snail-covered altar of Cheibriados.
   242 | D:2      | Became a worshipper of Cheibriados the Contemplative
   708 | D:2      | Reached XP level 3. HP: 20/26 MP: 4/4
   789 | D:2      | Reached skill level 1 in Unarmed Combat
   911 | D:2      | Reached * piety under Cheibriados
   938 | D:2      | Killed Robin
   938 | D:2      | Reached skill level 2 in Unarmed Combat
   938 | D:2      | Reached XP level 4. HP: 30/33 MP: 5/5
  1332 | D:3      | Noticed 4thArraOfDagon's ghost (amateur BaAM)
  1440 | D:3      | Reached XP level 5. HP: 30/39 MP: 6/6
  1509 | D:3      | Reached skill level 3 in Unarmed Combat
  1742 | D:3      | Found a shattered altar of Ashenzari.
  1893 | D:4      | Reached ** piety under Cheibriados
  2002 | D:4      | Reached skill level 4 in Unarmed Combat
  2002 | D:4      | Reached XP level 6. HP: 30/47 MP: 7/7
  2066 | D:4      | Found a stormy altar of Qazlal.
  2209 | D:4      | Found a glowing drain.
  2233 | D:4      | Reached skill level 1 in Invocations
  2309 | D:4      | Reached *** piety under Cheibriados
  2408 | D:5      | Entered Level 5 of the Dungeon
  2415 | D:5      | Reached skill level 5 in Unarmed Combat
  2421 | D:5      | Reached XP level 7. HP: 52/52 MP: 8/8
  2633 | D:5      | Gained mutation: You are agile. (Dex +2) [potion of mutation]
  2633 | D:5      | Gained mutation: You have a pair of small antennae on your head. [potion of mutation]
  2633 | D:5      | Gained mutation: You are somewhat resistant to further mutation. [potion of mutation]
  2636 | D:5      | Was placed under penance by Cheibriados
  2642 | D:5      | Reached skill level 6 in Unarmed Combat
  2645 | D:5      | Was forgiven by Cheibriados
  2682 | D:5      | HP: 2/52 [poisoned by a worker ant]
  2685 | D:5      | Succumbed to a worker ant's poison

Vault maps used:
D:1:      roderic_chinese_lattice_arrival, minmay_misc_feat_four_crosses
D:2:      old_standard_altar, nicolae_tso_swordbearing_angel, uniq_robin
D:3:      ashenzari_altar_1
D:4:      old_standard_altar, nicolae_ru_great_annihilating_truth,
          gup_sewer_entry_glass
D:5:      lemuel_crystal_altar, temple_hall, first_bread

Skill      XL: |  1  2  3  4  5  6  7 |
---------------+----------------------+-----
Crossbows      | 3 |  3.0
Unarmed Combat | 2 4 5 6 |  6.0
Fighting       | 2 3 |  3.0
Dodging        | 3 4 |  4.9
Invocations    | 1 2 |  2.3
Spellcasting   | |  1.1
Hexes          | |  3.2

Action                   |  1- 3 |  4- 6 |  7- 9 || total
-------------------------+-------+-------+-------++-------
Melee: Spear             |    57 |    87 |       ||   144
       Unarmed           |       |    91 |    34 ||   125
       Punch             |       |     1 |     1 ||     2
 Fire: Hand crossbow     |    41 |    69 |    25 ||   135
 Abil: Hop               |       |       |     1 ||     1
Evoke: Wand              |       |     2 |       ||     2
  Use: Scroll            |     3 |     7 |     1 ||    11
       Potion            |       |     1 |     3 ||     4
  Eat: Chunk             |     1 |     2 |       ||     3
       Fruit             |       |     1 |       ||     1
Armor: Robe              |     1 |       |       ||     1
       Plate armour      |    53 |   194 |       ||   247
       Chain mail        |       |    11 |    35 ||    46
Dodge: Dodged            |    20 |    63 |    81 ||   164

Table legend:
 A = Spawn XP
 B = Non-spawn XP
 C = Spawn XP percentage of total XP
 D = Spawn monster count
 E = Non-spawn monster count
 F = Spawn count percentage of total count
 G = Total turns spent on level
                    A         B        C        D         E        F      G
               +---------+---------+-------+---------+---------+-------+---------
         Total |       0 |    1064 |   0.0 |       0 |     101 |   0.0 |  2685
               +---------+---------+-------+---------+---------+-------+---------
           D:1 |       0 |      21 |   0.0 |       0 |      11 |   0.0 |   495
           D:2 |       0 |     135 |   0.0 |       0 |      32 |   0.0 |   815
           D:3 |       0 |      30 |   0.0 |       0 |      11 |   0.0 |   531
           D:4 |       0 |     414 |   0.0 |       0 |      27 |   0.0 |   567
           D:5 |       0 |     464 |   0.0 |       0 |      20 |   0.0 |   277
               +---------+---------+-------+---------+---------+-------+---------
